 Dungeon Crawl Stone Soup version 0.30-a0-918-g0ff054e9dc (webtiles) character file.

Game seed: 12315639871708878052

75 theswoord the Poker (level 4, -9/28 HPs)
             Began as a Gargoyle Berserker on Mar 20, 2023.
             Was a Believer of Trog.
             Mangled by an ogre
             ... wielding a +0 giant club
              (20 damage)
             ... on level 3 of the Dungeon.
             The game lasted 00:02:27 (1899 turns).

theswoord the Poker (Gargoyle Berserker)            Turns: 1899, Time: 00:02:27

Health: -9/28      AC: 12    Str: 23    XL:     4   Next: 31%
Magic:  4/4        EV:  8    Int:  7    God:    Trog [**....]
Gold:   127        SH:  0    Dex:  9    Spells: 3/3 levels left

rFire   . . .      SeeInvis .    a - +1 spear (flame)
rCold   . . .      Faith    .    (no shield)
rNeg    + . .      Spirit   .    g - +0 chain mail
rPois   ∞          Reflect  .    (no helmet)
rElec   +          Rampage  .    (no cloak)
rCorr   .                        (no gloves)
Will    .....                    (no boots) Stlth
                                 (no amulet)
HPRegen 0.24/turn                (no ring)
MPRegen 0.09/turn                (no ring)

@: brilliant
A: sickness immunity, AC +3, negative energy resistance 1, electricity
resistance, torment resistance 1, petrification resistance
a: Renounce Religion, Berserk, Trog's Hand


You were on level 3 of the Dungeon.
You worshipped Trog.
Trog was pleased with you.
You visited 1 branch of the dungeon, and saw 3 of its levels.

You collected 127 gold pieces.

Inventory:

Hand Weapons
 a - a +1 spear of flaming (weapon)
Armour
 b - a +0 animal skin
 c - a +0 scale mail
 g - a +0 chain mail (worn)
 i - a scarf of shadows
 k - a +0 pair of gloves
Scrolls
 d - a scroll of teleportation
Potions
 j - a potion of heal wounds {unknown}
 l - a potion of attraction {unknown}


   Skills:
 - Level 3.2 Fighting
 + Level 4.5 Polearms
 - Level 2.1 Armour
 - Level 1.5 Dodging


You had 3 spell levels left.
You didn't know any spells.
Your spell library was empty.

Dungeon Overview and Level Annotations

Branches:
Dungeon (3/15)

Altars:


Innate Abilities, Weirdness & Mutations

You are immune to sickness and miasma.
Your stone body is resilient. (AC +3)
You are immune to poison.
You resist negative energy. (rN+)
You are resistant to electric shocks. (rElec)
You are resistant to unholy torment.
You are immune to petrification.


Message History

An orc comes into view. It is wielding a +0 short sword.
An adder comes into view.
Found 2 boomerangs.
There are monsters nearby!
There are monsters nearby!
There are monsters nearby!
An orc wizard comes into view. It is wielding a +0 dagger.
The orc wizard shouts!
A quokka comes into view.
The orc priest looks satisfied for a moment.
The orc wizard moves out of view.
The orc shouts!
You hit the adder. You burn the adder. The adder bites you.
You barely miss the adder. The adder bites you.
The orc priest invokes the aid of Beogh against you.
Beogh smites you!
Ouch! That really hurt!
* * * LOW HITPOINT WARNING * * *
You completely miss the adder. The adder barely misses you.
Okay, then.
Reach: a) +1 spear (flame)
Aim: an ogre, wielding a +0 giant club (about 24% to evade your +1 spear of flaming)
You reach to attack!
You hit the ogre. You burn the ogre. The adder bites you but does no damage.
Reach: a) +1 spear (flame)
Aim: an ogre, wielding a +0 giant club (lightly wounded, about 24% to evade your +1 spear of flaming)
The adder is in the way.
You miss the adder. The adder closely misses you.
Reach: a) +1 spear (flame)
Aim: an ogre, wielding a +0 giant club (lightly wounded, about 24% to evade your +1 spear of flaming)
The adder is in the way.
You hit the adder. You burn the adder.
You kill the adder!
Trog accepts your kill.
Reach: a) +1 spear (flame)
Aim: an ogre, wielding a +0 giant club (lightly wounded, about 24% to evade your +1 spear of flaming)
You reach to attack!
You hit the ogre. You burn the ogre.
It was a potion of brilliance.
You feel clever all of a sudden.
The ogre hits you with a +0 giant club!!
Ouch! That really hurt!
You die...

#.#####.# #.#####.###
#........<#
###########.### #.......#
#.#### #.#####.# #....#
##### #.....#.# ####.#
....(o####..##.#.######.#
.....orO@....>..........#
....o.####..#.......#####
..... +.....#.##.##.#.#
.... ###........#....#
... #.#.#.####..#.# ..
#.#......#..#.# #
#.###.##.#..#.#
#........####.#
#####.#### #.#


You could see an ogre, an orc priest, an orc wizard, an orc and a quokka.

Vanquished Creatures
  3 adders
  A worm (D:2)
  A dart slug (D:1)
  3 endoplasms (D:1)
  A giant cockroach (D:1)
  5 goblins
  4 hobgoblins (D:1)
  4 jackals (D:2)
  2 kobolds (D:2)
  4 quokkas
  5 ball pythons
  3 bats (D:1)
  3 frilled lizards
  2 rats
41 creatures vanquished.

Notes
Turn   | Place    | Note
-------+----------+-------------------------------------------
     0 | D:1      | theswoord the Gargoyle Berserker began the quest for the
                  | Orb.
     0 | D:1      | Reached XP level 1. HP: 14/14 MP: 1/1
     2 | D:1      | You fall into a shaft and drop 1 floor!
    91 | D:1      | Reached skill level 3 in Polearms
   142 | D:1      | Reached XP level 2. HP: 16/19 MP: 2/2
   390 | D:1      | Reached XP level 3. HP: 23/23 MP: 3/3
   453 | D:1      | Reached ** piety under Trog
   952 | D:2      | Reached skill level 4 in Polearms
  1347 | D:2      | Reached XP level 4. HP: 27/28 MP: 4/4
  1886 | D:3      | Noticed an ogre
  1899 | D:3      | Mangled by an ogre

Skill      XL: |  1  2  3 |
---------------+----------+-----
Polearms       | 3 4 |  4.5
Fighting       | |  3.2
Armour         | |  2.1
Dodging        | |  1.5

Action                     |  1- 3 |  4- 6 || total
---------------------------+-------+-------++-------
  Melee: Spear             |   141 |    30 ||   171
         Punch             |     1 |       ||     1
    Use: Scroll            |     4 |     2 ||     6
         Potion            |       |     1 ||     1
 Armour: Scale mail        |    28 |       ||    28
         Chain mail        |    32 |     4 ||    36
  Dodge: Dodged            |    46 |     5 ||    51

Levels and vault maps discovered:
D:1:      dpeg_arrival_court, layout_loops_ring
D:2:      minmay_spotlight, layout_loops_corners, hangedman_decor_growths
D:3:      layout_basic
